 Dungeon Sprint DCSS version 0.28.0-53-g5a82cb258f (webtiles) character file.

Game seed: 14584701738964574037

10001 boopmooplesden the Minotaur Blade (level 11, -15/121 HPs)
             Began as a Minotaur Berserker on June 28, 2022.
             Was the Champion of Trog.
             Demolished by Gastronok (26 damage)
             ... in the Dungeon (Sprint III: "The Ten Rune Challenge").
             The game lasted 00:04:38 (2978 turns).

boopmooplesden the Minotaur Blade (MiBe)            Turns: 2978, Time: 00:04:38

Health: -15/121    AC:  5    Str: 26    XL:     11   Next: 30%
Magic:  10/10      EV: 20    Int:  4    God:    Trog [******]
Gold:   2222       SH:  0    Dex: 21    Spells: 10/10 levels left

rFire   . . .      SeeInvis .   w - +6 great sword "Laquin" {vorpal, rElec rC+ Str+4 Dex+7}
rCold   + . .      Faith    .   (shield currently unavailable)
rNeg    . . .      Spirit   .   t - +0 leather armour
rPois   .          Reflect  .   (helmet restricted)
rElec   +          Harm     .   l - +0 cloak
rCorr   .          Rampage  .   (no gloves)
Will    .....      NoTele   +   (no boots)
Stlth   +++.......              (no amulet)
HPRegen 0.30/turn               (no ring)
MPRegen 0.12/turn               (no ring)

@: on berserk cooldown, slowed, very slow
A: horns 2, retaliatory headbutt
a: Renounce Religion, Berserk, Trog's Hand, Brothers in Arms


You were in the Dungeon.
You worshipped Trog.
Trog was exalted by your worship.
You visited 1 branch You collected 2222 gold pieces.

Inventory:

Hand Weapons
 b - a +3 scimitar of flaming
 u - a +0 long sword of holy wrath
 v - a +4 triple sword
 w - the +6 great sword "Laquin" (weapon) {vorpal, rElec rC+ Str+4 Dex+7}
   (Trog gifted it to you in the Dungeon)

   It inflicts extra damage upon your enemies.
   Str:       It affects your strength (+4).
   Dex:       It affects your dexterity (+7).
   rC:        It protects you from cold.
   rElec:     It insulates you from electricity.
 x - a +5 great sword of flaming
Armour
 k - a +2 robe
 l - a +0 cloak (worn)
 t - a +0 leather armour (worn)
Wands
 i - a wand of flame (12)
Scrolls
 h - a scroll of blinking
 m - a scroll of immolation {unknown}
 n - 2 scrolls of identify {unknown}
 p - a scroll of holy word {unknown}
Potions
 c - a potion of curing
 d - a potion of heal wounds
 e - a potion of haste
 f - 2 potions of magic
 g - a potion of berserk rage
 j - a potion of ambrosia {unknown}
 o - a potion of flight {unknown}
 q - a potion of attraction {unknown}
 r - 6 potions of mutation
 s - a potion of might
Miscellaneous
 a - a tin of tremorstones (2/2)


   Skills:
 + Level 18.7 Fighting
 + Level 21.6 Long Blades
 + Level 10.6 Armour
 + Level 11.4 Dodging
 + Level 4.5 Stealth
 + Level 2.4 Evocations


You had 10 spell levels left.
You didn't know any spells.
Your spell library was empty.

Dungeon Overview and Level Annotations

Branches:
Dungeon (1/1)

Altars:
Cheibriados
Dithmenos
Elyvilon
Fedhas
Gozag
Hepliaklqana
Kikubaaqudgha
Makhleb
Nemelex Xobeh
Okawaru
Qazlal
Ru
Sif Muna
Trog
Uskayaw
Vehumet
Wu Jian
Xom
Yredelemnul
Zin
The Shining One
Beogh
Jiyva
Lugonu

Shops:
D ?

Annotations:
D Gastronok


Innate Abilities, Weirdness & Mutations

You have a pair of horns on your head.
You reflexively headbutt those who attack you in melee.


Message History

The air twists around and strikes you!!
* * * LOW HITPOINT WARNING * * *
You see here an elephant corpse.
You chop the dire elephant into pieces!!!
The dire elephant is heavily wounded.
The dire elephant barely misses you. x2
You slice the dire elephant!! You headbutt the dire elephant.
The dire elephant is severely wounded.
The quokka barely misses you. You furiously retaliate!
You headbutt the quokka!!
You kill the quokka!
The quokka's corpse disappears in a puff of smoke!
You cut the dire elephant into ribbons!!!
You kill the dire elephant!
Trog accepts your kill.
A nearby plant withers and dies.
You are no longer berserk.
You are exhausted.
You feel yourself slow down.
Gastronok looks at you and mumbles some strange words.
You barely resist.
You see here a dire elephant corpse.
You feel much better.
Gastronok casts a spell.
Gastronok puts on a burst of speed!
Gastronok's eyestalks quiver as he mumbles some strange words.
You completely miss Gastronok. The river rat misses you.
You chop Gastronok into pieces!!!
Gastronok is moderately wounded.
Gastronok bites you!!
* * * LOW HITPOINT WARNING * * *
The river rat completely misses you.
You slice Gastronok!!
Gastronok is heavily wounded.
The river rat barely misses you.
Unknown command.
You completely miss Gastronok.
Gastronok is heavily wounded.
Gastronok bites you!!
You die...

###..##...##.....#.
##..##....#†.....#'
#..###..##.#.....#)
#[.# #.. ####....#_
▓▓▓▓▓▓▓▓▓▓▓▓▓▓▓▓▓▓▓
▓..†)≈≈≈≈§§.≈.♣♣...
▓.†.#≈≈≈§§§≈≈≈♣♣.≈≈
▓..P#≈≈§§§≈≈≈≈††...
▓.@.#≈≈§§§§≈≈≈♣♣♣♣♣
▓r.w#≈≈≈≈§.≈≈≈♣
▓##+####+######


You could see Gastronok (swift) and a river rat (summoned).

Vanquished Creatures
  2 dire elephants (D)
  Erica (D)
  A centaur warrior (D)
  A deep elf pyromancer (D)
  2 elephants (D)
  An orc sorcerer (D)
  2 cane toads (D)
  An unseen horror (D)
  A komodo dragon (D)
  A rime drake (D)
  A queen bee (D)
  5 blink frogs (D)
  3 wandering mushrooms (D)
  A shadow (D)
  A spatial vortex (D)
  A swamp drake (D)
  2 orc warriors (D)
  A necrophage (D)
  2 centaurs (D)
  An earth elemental (D)
  A water elemental (D)
  32 killer bees (D)
  A jelly (D)
  Crazy Yiuf (D)
  2 orc priests (D)
  Jessica (D)
  3 orc wizards (D)
  A wizard (D)
  A necromancer (D)
  A kobold demonologist (D)
  3 humans (D)
  10 orcs (D)
  An endoplasm (D)
  2 rats (D)
91 creatures vanquished.

Vanquished Creatures (others)
  3 plants (D)
3 creatures vanquished.

Grand Total: 94 creatures vanquished

Notes
Turn   | Place    | Note
-------+----------+-------------------------------------------
     0 | D        | boopmooplesden the Minotaur Berserker began the quest for
                  | the Orb.
     0 | D        | Reached XP level 1. HP: 19/19 MP: 0/0
     9 | D        | Reached skill level 4 in Long Blades
    26 | D        | Reached ** piety under Trog
    31 | D        | Noticed Jessica
    34 | D        | Killed Jessica
    35 | D        | Reached skill level 5 in Fighting
    35 | D        | Reached skill level 5 in Long Blades
    35 | D        | Reached XP level 2. HP: 30/30 MP: 1/1
    35 | D        | Reached XP level 3. HP: 37/37 MP: 2/2
   134 | D        | Noticed Crazy Yiuf
   144 | D        | Reached skill level 6 in Long Blades
   148 | D        | Killed Crazy Yiuf
   149 | D        | Reached skill level 7 in Long Blades
   149 | D        | Reached XP level 4. HP: 47/47 MP: 3/3
   334 | D        | Noticed a water elemental
   338 | D        | Killed a water elemental
   338 | D        | Reached *** piety under Trog
   339 | D        | Reached skill level 8 in Long Blades
   491 | D        | Found a shadowy altar of Dithmenos.
   491 | D        | Noticed a necrophage
   498 | D        | Killed a necrophage
   499 | D        | Reached skill level 9 in Long Blades
   499 | D        | Reached skill level 5 in Armour
   499 | D        | Reached XP level 5. HP: 57/57 MP: 4/4
   501 | D        | Reached skill level 10 in Long Blades
   501 | D        | Found a basalt altar of Yredelemnul.
   501 | D        | Found a sacrificial altar of Ru.
   666 | D        | Found a hide-covered altar of Uskayaw.
   666 | D        | Found an iron altar of Okawaru.
   668 | D        | Found a bloodstained altar of Trog.
   668 | D        | Found an ornate altar of the Wu Jian Council.
   668 | D        | Noticed a human
   668 | D        | Noticed a human
   673 | D        | Killed a human
   674 | D        | Reached skill level 10 in Fighting
   674 | D        | Reached skill level 11 in Long Blades
   674 | D        | Reached skill level 5 in Dodging
   674 | D        | Reached XP level 6. HP: 67/67 MP: 5/5
   678 | D        | Killed a human
   678 | D        | Reached **** piety under Trog
   679 | D        | Reached skill level 12 in Long Blades
   832 | D        | Found a radiant altar of Vehumet.
   833 | D        | Found a shimmering blue altar of Sif Muna.
   833 | D        | Found an ancient bone altar of Kikubaaqudgha.
   841 | D        | Reached XP level 7. HP: 57/74 MP: 6/6
   843 | D        | Noticed a sun demon
   846 | D        | HP: 3/74 [sun demon[a kobold demonologist] (14)]
  1194 | D        | Found a glowing silver altar of Zin.
  1195 | D        | Found a glowing golden altar of the Shining One.
  1195 | D        | Found a white marble altar of Elyvilon.
  1195 | D        | Noticed a deep elf pyromancer
  1218 | D        | Killed a deep elf pyromancer
  1218 | D        | Reached ***** piety under Trog
  1219 | D        | Reached skill level 13 in Long Blades
  1219 | D        | Reached skill level 1 in Stealth
  1395 | D        | Noticed a shadow
  1402 | D        | Killed a shadow
  1403 | D        | Reached skill level 14 in Long Blades
  1403 | D        | Reached XP level 8. HP: 73/86 MP: 7/7
  1408 | D        | Found a blossoming altar of Fedhas.
  1408 | D        | Found a stormy altar of Qazlal.
  1408 | D        | Found a snail-covered altar of Cheibriados.
  1408 | D        | Found a burning altar of Makhleb.
  1408 | D        | Found a shimmering altar of Xom.
  1409 | D        | Found a hazy altar of Hepliaklqana.
  1409 | D        | Found an opulent altar of Gozag.
  1409 | D        | Found a sparkling altar of Nemelex Xobeh.
  1409 | D        | Found a corrupted altar of Lugonu.
  1409 | D        | Found a viscous altar of Jiyva.
  1685 | D        | Noticed Erica
  1693 | D        | Killed Erica
  1694 | D        | Reached skill level 15 in Long Blades
  1811 | D        | Noticed an orc sorcerer
  1812 | D        | Reached ****** piety under Trog
  1812 | D        | Received a gift from Trog
  1814 | D        | Reached XP level 9. HP: 85/96 MP: 8/8
  1816 | D        | Killed an orc sorcerer
  1816 | D        | Identified the +6 great sword "Laquin" {vorpal, rElec rC+
                  | Str+4 Dex+7} (Trog gifted it to you in the Dungeon)
  1816 | D        | Received a gift from Trog
  1817 | D        | Reached skill level 15 in Fighting
  1817 | D        | Reached skill level 16 in Long Blades
  1821 | D        | Found Kyliagab's Magic Scroll Shoppe.
  1834 | D        | Received a gift from Trog
  2123 | D        | Noticed a centaur warrior
  2133 | D        | Killed a centaur warrior
  2134 | D        | Reached skill level 17 in Long Blades
  2307 | D        | Killed an unseen horror
  2362 | D        | Noticed a queen bee
  2374 | D        | Reached XP level 10. HP: 98/108 MP: 9/9
  2376 | D        | Reached skill level 18 in Long Blades
  2378 | D        | Received a gift from Trog
  2378 | D        | Received a gift from Trog
  2379 | D        | Reached skill level 1 in Evocations
  2391 | D        | Received a gift from Trog
  2399 | D        | Reached skill level 19 in Long Blades
  2402 | D        | Reached skill level 10 in Armour
  2616 | D        | Received a gift from Trog
  2617 | D        | Reached skill level 10 in Dodging
  2632 | D        | Noticed a cane toad
  2632 | D        | Noticed a cane toad
  2639 | D        | Killed a cane toad
  2642 | D        | Killed a cane toad
  2648 | D        | Received a gift from Trog
  2785 | D        | Reached skill level 20 in Long Blades
  2805 | D        | Reached XP level 11. HP: 119/119 MP: 10/10
  2953 | D        | Noticed a dire elephant
  2953 | D        | Noticed a dire elephant
  2953 | D        | Noticed Gastronok
  2958 | D        | Identified the +6 triple sword of Guile {flame, rElec rN++
                  | Str+4} (Trog gifted it to you in the Dungeon)
  2958 | D        | Received a gift from Trog
  2961 | D        | Reached skill level 21 in Long Blades
  2966 | D        | Killed a dire elephant
  2970 | D        | Killed a dire elephant
  2978 | D        | Demolished by Gastronok

Illustrated notes

Levels and vault maps discovered:
D:        dungeon_sprint_mu [sprint_mu_entry_cave, sprint_mu_temple_rooms,
          sprint_mu_d1_horrors, sprint_mu_d2_genie, sprint_mu_d3_branching,
          sprint_mu_orc_legion, sprint_mu_elf_gauntlet, sprint_mu_hive_nellie,
          sprint_mu_lair_fedhas, sprint_mu_vaults_butterflies,
          sprint_mu_slime_circle, sprint_mu_swamp_cave, sprint_mu_snake_twists,
          sprint_mu_blade_basic, sprint_mu_crypt_chambers,
          sprint_mu_tomb_spiral, sprint_mu_vestibule_basic,
          sprint_mu_gehenna_hellfire, sprint_mu_dis_giant,
          sprint_mu_tartarus_statrot, sprint_mu_cocytus_islands, sprint_mu_zot1]

Skill      XL: |  1  2  3  4  5  6  7  8  9 10 11 |
---------------+----------------------------------+-----
Fighting       | 5 7 9 10 11 13 14 16 18 | 18.7
Long Blades    | 5 7 9 11 12 14 15 17 20 21 | 21.6
Armour         | 3 5 6 7 8 9 10 | 10.6
Dodging        | 3 4 5 6 7 9 10 11 | 11.4
Stealth        | 1 2 3 4 |  4.5
Evocations     | 2 |  2.4

Action                   |  1- 3 |  4- 6 |  7- 9 | 10-12 || total
-------------------------+-------+-------+-------+-------++-------
Melee: Falchion          |    14 |    27 |    23 |       ||    64
       Headbutt          |     1 |     4 |    11 |    11 ||    27
       Long sword        |       |       |    19 |       ||    19
       Great sword       |       |       |    24 |    73 ||    97
       Scimitar          |       |       |     9 |       ||     9
Invok: Berserk           |     2 |     3 |     5 |     3 ||    13
Evoke: Tin of tremorston |       |       |     2 |     2 ||     4
  Use: Potion            |       |       |       |     1 ||     1
 Stab: Sleeping          |       |       |       |     2 ||     2
Armor: Animal skin       |     1 |     2 |       |       ||     3
       Leather armour    |       |     1 |    12 |     7 ||    20
Dodge: Dodged            |     6 |     8 |    69 |    45 ||   128
